 Dungeon Crawl Stone Soup version 0.22.0-6-g71bd7aa (webtiles) character file.

65 Faca the Chucker (level 3, -2/36 HPs)
             Began as a Troll Hunter on Aug 15, 2018.
             Slain by a gnoll
             ... wielding a +0 spear
              (8 damage)
             ... on level 2 of the Dungeon.
             The game lasted 00:03:12 (1452 turns).

Faca the Chucker (Troll Hunter)                     Turns: 1452, Time: 00:03:12

Health: -2/36      AC:  5    Str: 21    XL:     3   Next: 92%
Magic:  2/2        EV:  5    Int:  7    God:
Gold:   109        SH:  0    Dex: 10    Spells: 2/2 levels left

rFire    . . .     SeeInvis .     - Unarmed
rCold    . . .     Gourm    +   (no shield)
rNeg     . . .     Faith    .   b - +0 robe
rPois    .         Spirit   .   (helmet restricted)
rElec    .         Reflect  .   (no cloak)
rCorr    .         Harm     .   (gloves unavailable)
MR       .....                  (boots unavailable)
Stlth    +.........             (no amulet)
HPRegen  0.52/turn              (no ring)
MPRegen  0.08/turn              (no ring)

@: held
A: large, unfitting armour, claws 3, fast metabolism 3, gourmand, regeneration
1, shaggy fur 1, tough skin 2
a: no special abilities


You were on level 2 of the Dungeon.
You were completely stuffed.

You visited 1 branch of the dungeon, and saw 2 of its levels.

You collected 109 gold pieces.

Inventory:

Missiles
 c - 5 large rocks
 d - 2 throwing nets
 h - 215 stones (quivered)
 k - 7 javelins
Armour
 b - a +0 robe (worn)
Scrolls
 i - a scroll of noise {unknown}
 j - 2 scrolls of teleportation {unknown}
 l - a scroll of identify {unknown}
Potions
 a - a potion of agility {unknown}
 e - a potion of curing {unknown}
 m - a potion of mutation {unknown}
Comestibles
 f - 6 rations
 g - 4 chunks of flesh


   Skills:
 + Level 2.3 Fighting
 - Level 3.6 Throwing
 - Level 1.5 Dodging
 - Level 0.3 Stealth
 * Level 2.9 Unarmed Combat


You had 2 spell levels left.
You didn't know any spells.
Your spell library was empty.

Dungeon Overview and Level Annotations

Branches:
Dungeon (2/15)

Altars:
Fedhas


Innate Abilities, Weirdness & Mutations

You are too large for most types of armour.
You have claws for hands.
Your metabolism is lightning-fast.
You like to eat raw meat.
Your natural rate of healing is unusually fast.
You are covered in fur. (AC +1)
You have very tough skin. (AC +2)


Message History

You struggle against the net.
The gnoll barely misses you. x2
You struggle against the net.
The gnoll hits you with a whip.
The gnoll hits you from afar with a spear.
You rip the net and break free!
The gnoll hits you with a whip. The gnoll closely misses you.
The gnoll throws a throwing net.
The throwing net hits you.
You become entangled in the net!
You see here a throwing net.
You struggle against the net.
The gnoll hits you from afar with a spear.
You struggle against the net.
The gnoll hits you with a whip. The gnoll barely misses you.
You struggle against the net.
The gnoll hits you with a whip!
* * * LOW HITPOINT WARNING * * *
The gnoll hits you from afar with a spear.
* * * LOW HITPOINT WARNING * * *
You struggle against the net.
The gnoll hits you with a whip.
* * * LOW HITPOINT WARNING * * *
The gnoll hits you from afar with a spear!
You die...

...# ##.# ##### ...# #...# ####
#...#
#######################...#####
...............................
###########.#..########...#######
##.# #.#..####...#.........#
.<.########.#...@gg.#.#...#####.
..........#.#.####..#.....###
.#.#....#.#.....#...........#
......#.#.###.#####.##.####.#
.#..(.#.#.# #.......##.# #.#
.#....#.#.# #.###......# #.#
##.#..#...# #.# #......# #.#
#.##.#'### #.# #......####.#
##.##....####.# #.........#.#


You could see 2 gnolls.

Vanquished Creatures
  A gnoll (D:2)
  An adder (D:2)
  A worm (D:2)
  4 leopard geckos
  An orc (D:2)
  A giant cockroach (D:1)
  6 goblins
  4 hobgoblins
  4 jackals (D:1)
  4 kobolds (D:1)
  A ball python (D:2)
  2 bats (D:2)
  3 frilled lizards (D:1)
  4 rats
37 creatures vanquished.

Notes
Turn   | Place    | Note
-------+----------+-------------------------------------------
     0 | D:1      | Faca the Troll Hunter began the quest for the Orb.
     0 | D:1      | Reached XP level 1. HP: 19/19 MP: 0/0
   123 | D:1      | Reached skill level 1 in Unarmed Combat
   161 | D:1      | Reached XP level 2. HP: 27/28 MP: 1/1
   896 | D:1      | Reached XP level 3. HP: 33/35 MP: 2/2
  1193 | D:2      | Found a blossoming altar of Fedhas.
  1452 | D:2      | Slain by a gnoll

Skill      XL: |  1  2 |
---------------+-------+-----
Unarmed Combat | 1 2 |  2.9
Fighting       | 2 |  2.3
Throwing       | |  3.6
Dodging        | |  1.5
Stealth        | |  0.3

Action                   || total
-------------------------++-------
Melee: Unarmed           ||   107
       Punch             ||     1
Throw: Stone             ||     8
 Stab: Sleeping          ||     1
  Eat: Chunk             ||    19
Armor: Robe              ||    40
Dodge: Dodged            ||    70
